| TOP OF THE 1ST |
|
Rochester Red Wings batting - Pitching for Tidewater Tides : RHP Bud Yanus
|
|
Pitching: RHP Bud Yanus
|
|
|
Batting: RHB Marty G Barrett
|
0-0: Called Strike 0-1: Ball 1-1: Swinging Strike 1-2: Strikes out looking
|
|
Batting: LHB Ed Amelung
|
0-0: Ball 1-0: Called Strike 1-1: Ball 2-1: Ground out 4-3 (Groundball, 4, EV 77.5 MPH)
|
|
Batting: SHB Jordan Ayala
|
0-0: Foul Ball, location: 2F 0-1: Ground out U3 (Groundball, 34, EV 75.6 MPH)
|
| Top of the 1st over - 0 runs, 0 hits, 0 errors, 0 left on base; Rochester 0 - Tidewater 0 |
| BOTTOM OF THE 1ST |
|
Tidewater Tides batting - Pitching for Rochester Red Wings : RHP Danny Cox
|
|
Pitching: RHP Danny Cox
|
|
|
Batting: RHB Anthony Lachowetz
|
0-0: Called Strike 0-1: Called Strike 0-2: Ball 1-2: DOUBLE (Line Drive, 9LS, EV 95.0 MPH)
|
|
Batting: RHB German Rivera
|
0-0: Called Strike 0-1: Ground out U3 (Groundball, 34, EV 86.9 MPH) Anthony Lachowetz to third
|
|
Batting: RHB Brad Komminsk
|
0-0: Ball 1-0: Called Strike 1-1: Fly out, F9 (Flyball, 9S, EV 86.3 MPH)
|
|
Batting: LHB Dave Kable
|
0-0: Called Strike 0-1: Ball 1-1: Foul Ball, location: 2F 1-2: Strikes out looking
|
| Bottom of the 1st over - 0 runs, 1 hit, 0 errors, 1 left on base; Rochester 0 - Tidewater 0 |
| TOP OF THE 2ND |
|
Rochester Red Wings batting - Pitching for Tidewater Tides : RHP Bud Yanus
|
|
Batting: RHB Gerry Davis
|
0-0: Called Strike 0-1: Ground out 5-3 (Groundball, 56S, EV 85.0 MPH)
|
|
Batting: RHB Bob Pate
|
0-0: Called Strike 0-1: Called Strike 0-2: Ball 1-2: Ball 2-2: Ball 3-2: Ground out 4-3 (Groundball, 4M, EV 89.4 MPH)
|
|
Batting: RHB Chris Johnston
|
0-0: Called Strike 0-1: Swinging Strike 0-2: Reached on error, E5 (Groundball, 56S, EV 91.3 MPH)
|
|
Batting: LHB Dave Falcone
|
0-0: Called Strike 0-1: Swinging Strike 0-2: Strikes out swinging
|
| Top of the 2nd over - 0 runs, 0 hits, 1 error, 1 left on base; Rochester 0 - Tidewater 0 |
| BOTTOM OF THE 2ND |
|
Tidewater Tides batting - Pitching for Rochester Red Wings : RHP Danny Cox
|
|
Batting: RHB Mike Rex
|
0-0: Ball 1-0: Ball 2-0: Called Strike 2-1: Ground out 6-3 (Groundball, 6, EV 83.1 MPH)
|
|
Batting: RHB Juan Garcia
|
0-0: Ball 1-0: Foul Ball, location: 2F 1-1: Ground out 6-3 (Groundball, 6, EV 104.4 MPH)
|
|
Batting: RHB Thomas Walker
|
0-0: Fly out, F7 (Flyball, 7, EV 90.6 MPH)
|
| Bottom of the 2nd over - 0 runs, 0 hits, 0 errors, 0 left on base; Rochester 0 - Tidewater 0 |
| TOP OF THE 3RD |
|
Rochester Red Wings batting - Pitching for Tidewater Tides : RHP Bud Yanus
|
|
Batting: RHB Tom Brookens
|
0-0: Ground out 6-3 (Groundball, 6, EV 89.4 MPH)
|
|
Batting: RHB Johnnie LeMaster
|
0-0: Called Strike 0-1: Called Strike 0-2: Foul Ball, location: 2F 0-2: Ball 1-2: SINGLE (Groundball, 3D, EV 110.0 MPH)
|
|
Batting: RHB Marty G Barrett
|
0-0: Ball 1-0: Grounds into double play, 6-4-3 (Groundball, 6, EV 103.8 MPH)
|
| Top of the 3rd over - 0 runs, 1 hit, 0 errors, 0 left on base; Rochester 0 - Tidewater 0 |
| BOTTOM OF THE 3RD |
|
Tidewater Tides batting - Pitching for Rochester Red Wings : RHP Danny Cox
|
|
Batting: LHB Mike Martin
|
0-0: Ball 1-0: Ball 2-0: Ball 3-0: Called Strike 3-1: SINGLE (Groundball, 25, EV 71.3 MPH) (infield hit)
|
|
Batting: SHB Julio Valdez
|
0-0: Called Strike Pickoff Throw to First - Out! 1-3 0-1: Ball 1-1: Ball 2-1: Swinging Strike 2-2: Ball 3-2: Strikes out swinging
|
|
Batting: RHB Anthony Lachowetz
|
0-0: Ball 1-0: Foul Ball, location: 2F 1-1: Called Strike 1-2: Strikes out swinging
|
| Bottom of the 3rd over - 0 runs, 1 hit, 0 errors, 0 left on base; Rochester 0 - Tidewater 0 |
| TOP OF THE 4TH |
|
Rochester Red Wings batting - Pitching for Tidewater Tides : RHP Bud Yanus
|
|
Batting: LHB Ed Amelung
|
0-0: Fly out, F9 (Line Drive, 9D, EV 83.1 MPH)
|
|
Batting: SHB Jordan Ayala
|
0-0: Ball 1-0: Foul Ball, location: 2F 1-1: Called Strike 1-2: Strikes out swinging
|
|
Batting: RHB Gerry Davis
|
0-0: Foul Ball, location: 2F 0-1: Ball 1-1: Foul Ball, location: 2F 1-2: Ball 2-2: Foul Ball, location: 2F 2-2: Foul Ball, location: 2F 2-2: Fly out, F7 (Flyball, 7, EV 88.1 MPH)
|
| Top of the 4th over - 0 runs, 0 hits, 0 errors, 0 left on base; Rochester 0 - Tidewater 0 |
| BOTTOM OF THE 4TH |
|
Tidewater Tides batting - Pitching for Rochester Red Wings : RHP Danny Cox
|
|
Batting: RHB German Rivera
|
0-0: Ball 1-0: Ball 2-0: Foul Ball, location: 2F 2-1: Foul Ball, location: 2F 2-2: Ground out 6-3 (Groundball, 6, EV 93.1 MPH)
|
|
Batting: RHB Brad Komminsk
|
0-0: Swinging Strike 0-1: Ball 1-1: Ball 2-1: SINGLE (Groundball, 13, EV 88.8 MPH) (infield hit)
|
|
Batting: LHB Dave Kable
|
0-0: Swinging Strike 0-1: Called Strike 0-2: Ball Wild Pitch! Brad Komminsk to second 1-2: Ball 2-2: Fly out, F7 (Flyball, 78S, EV 87.5 MPH)
|
|
Batting: RHB Mike Rex
|
0-0: Called Strike 0-1: Ball 1-1: Foul Ball, location: 2F 1-2: Foul Ball, location: 2F 1-2: Ball 2-2: SINGLE (Line Drive, 8LS, EV 106.3 MPH) Brad Komminsk to third Runner from 3rd tries for Home, SAFE, throw by CF to home Mike Rex to second
|
|
Batting: RHB Juan Garcia
|
0-0: Fly out, F4 (Line Drive, 4, EV 73.8 MPH)
|
| Bottom of the 4th over - 1 run, 2 hits, 0 errors, 1 left on base; Rochester 0 - Tidewater 1 |
| TOP OF THE 5TH |
|
Rochester Red Wings batting - Pitching for Tidewater Tides : RHP Bud Yanus
|
|
Batting: RHB Bob Pate
|
0-0: Ball 1-0: Ground out 5-3 (Groundball, 56S, EV 85.0 MPH)
|
|
Batting: RHB Chris Johnston
|
0-0: Called Strike 0-1: Ball 1-1: Ground out 4-3 (Groundball, 34, EV 79.4 MPH)
|
|
Batting: LHB Dave Falcone
|
0-0: Swinging Strike 0-1: Ball 1-1: Ball 2-1: Ground out U3 (Groundball, 13, EV 89.4 MPH)
|
| Top of the 5th over - 0 runs, 0 hits, 0 errors, 0 left on base; Rochester 0 - Tidewater 1 |
| BOTTOM OF THE 5TH |
|
Tidewater Tides batting - Pitching for Rochester Red Wings : RHP Danny Cox
|
|
Batting: RHB Thomas Walker
|
0-0: Ball 1-0: Foul Ball, location: 2F 1-1: SINGLE (Groundball, 6D, EV 103.8 MPH)
|
|
Batting: LHB Mike Martin
|
0-0: Called Strike 0-1: Ball 1-1: SINGLE (Line Drive, 78S, EV 92.5 MPH) Thomas Walker to second
|
|
Batting: SHB Julio Valdez
|
0-0: Bunt missed! 0-1: Bunted foul 0-2: Ball 1-2: Foul Ball, location: 2F 1-2: Ball 2-2: Ball 3-2: Strikes out swinging
|
|
Batting: RHB Anthony Lachowetz
|
0-0: Ball 1-0: Ball 2-0: Ball 3-0: Called Strike 3-1: Fielders Choice at 2nd, 6-4 (Groundball, 6, EV 99.4 MPH) Thomas Walker to third
|
|
Batting: RHB German Rivera
|
0-0: Ball 1-0: Foul Ball, location: 2F 1-1: Ball 2-1: Foul Ball, location: 2F 2-2: Strikes out swinging
|
| Bottom of the 5th over - 0 runs, 2 hits, 0 errors, 2 left on base; Rochester 0 - Tidewater 1 |
| TOP OF THE 6TH |
|
Rochester Red Wings batting - Pitching for Tidewater Tides : RHP Bud Yanus
|
|
Batting: RHB Tom Brookens
|
0-0: Foul Ball, location: 2F 0-1: Called Strike 0-2: Foul Ball, location: 2F 0-2: Fly out, F9 (Flyball, 9LS, EV 79.4 MPH)
|
|
Batting: RHB Johnnie LeMaster
|
0-0: Foul Ball, location: 2F 0-1: Ball 1-1: Ball 2-1: Ball 3-1: Called Strike 3-2: Strikes out swinging
|
|
Batting: RHB Marty G Barrett
|
0-0: Ball 1-0: Ground out 5-3 (Groundball, 5, EV 100.6 MPH)
|
| Top of the 6th over - 0 runs, 0 hits, 0 errors, 0 left on base; Rochester 0 - Tidewater 1 |
| BOTTOM OF THE 6TH |
|
Tidewater Tides batting - Pitching for Rochester Red Wings : RHP Danny Cox
|
|
Batting: RHB Brad Komminsk
|
0-0: Called Strike 0-1: Ball 1-1: Ball 2-1: Ground out 6-3 (Groundball, 6, EV 84.4 MPH)
|
|
Batting: LHB Dave Kable
|
0-0: Foul Ball, location: 2F 0-1: Ball 1-1: DOUBLE (Line Drive, 78M, EV 93.1 MPH)
|
|
Batting: RHB Mike Rex
|
0-0: Called Strike 0-1: Foul Ball, location: 2F 0-2: DOUBLE (Line Drive, 89M, EV 110.6 MPH) Dave Kable scores
|
|
Batting: RHB Juan Garcia
|
0-0: Called Strike 0-1: Ground out U3 (Groundball, 34S, EV 80.0 MPH) Mike Rex to third
|
|
Batting: RHB Thomas Walker
|
0-0: Fly out, F7 (Flyball, 7LS, EV 88.8 MPH)
|
| Bottom of the 6th over - 1 run, 2 hits, 0 errors, 1 left on base; Rochester 0 - Tidewater 2 |
| TOP OF THE 7TH |
|
Rochester Red Wings batting - Pitching for Tidewater Tides : RHP Bud Yanus
|
|
Batting: LHB Ed Amelung
|
0-0: Ball 1-0: TRIPLE (Flyball, 78XD, EV 96.3 MPH)
|
|
Batting: SHB Jordan Ayala
|
0-0: Foul Ball, location: 2F 0-1: Foul Ball, location: 2F 0-2: Strikes out looking
|
|
Batting: RHB Gerry Davis
|
0-0: Ball 1-0: Called Strike 1-1: Fly out, F8 (Flyball, 89D, EV 100.0 MPH) Runner from 3rd tags up, OUT at HOME! 8-2
|
| Top of the 7th over - 0 runs, 1 hit, 0 errors, 0 left on base; Rochester 0 - Tidewater 2 |
| BOTTOM OF THE 7TH |
|
Tidewater Tides batting - Pitching for Rochester Red Wings : RHP Danny Cox
|
|
Batting: LHB Mike Martin
|
0-0: Called Strike 0-1: Foul Ball, location: 2F 0-2: Ball 1-2: Ground out 1-3 (Groundball, 13S, EV 67.5 MPH)
|
|
Batting: SHB Julio Valdez
|
0-0: Foul Ball, location: 2F 0-1: Swinging Strike 0-2: Ball 1-2: Foul Ball, location: 2F 1-2: Ball 2-2: Ground out 6-3 (Groundball, 6, EV 88.8 MPH)
|
|
Batting: RHB Anthony Lachowetz
|
0-0: Foul Ball, location: 2F 0-1: Ground out 5-3 (Groundball, 56, EV 75.6 MPH)
|
| Bottom of the 7th over - 0 runs, 0 hits, 0 errors, 0 left on base; Rochester 0 - Tidewater 2 |
| TOP OF THE 8TH |
|
Rochester Red Wings batting - Pitching for Tidewater Tides : RHP Bud Yanus
|
|
Batting: RHB Bob Pate
|
0-0: Ball 1-0: Foul Ball, location: 2F 1-1: Ball 2-1: Called Strike 2-2: Fly out, F4 (Popup, 34S, EV 79.4 MPH)
|
|
Batting: RHB Chris Johnston
|
0-0: Foul Ball, location: 2F 0-1: Ball 1-1: Swinging Strike 1-2: Foul Ball, location: 2F 1-2: Foul Ball, location: 2F 1-2: Ball 2-2: Foul Ball, location: 2F 2-2: Strikes out swinging
|
|
Batting: LHB Dave Falcone
|
0-0: Swinging Strike 0-1: Fly out, F9 (Line Drive, 9D, EV 87.5 MPH)
|
| Top of the 8th over - 0 runs, 0 hits, 0 errors, 0 left on base; Rochester 0 - Tidewater 2 |
| BOTTOM OF THE 8TH |
|
Tidewater Tides batting - Pitching for Rochester Red Wings : RHP Danny Cox
|
|
Pitching: RHP Oscar Silva
|
|
|
Batting: RHB German Rivera
|
0-0: Ball 1-0: Fly out, F6 (Flyball, 56D, EV 78.1 MPH)
|
|
Batting: RHB Brad Komminsk
|
0-0: Called Strike 0-1: Called Strike 0-2: Strikes out swinging
|
|
Batting: LHB Dave Kable
|
0-0: Ball 1-0: Called Strike 1-1: Ball 2-1: Called Strike 2-2: Strikes out swinging
|
| Bottom of the 8th over - 0 runs, 0 hits, 0 errors, 0 left on base; Rochester 0 - Tidewater 2 |
| TOP OF THE 9TH |
|
Rochester Red Wings batting - Pitching for Tidewater Tides : RHP Bud Yanus
|
|
Batting: RHB Tom Brookens
|
0-0: Ball 1-0: Called Strike 1-1: Foul Ball, location: 2F 1-2: Ball 2-2: Strikes out swinging
|
|
Batting: RHB Johnnie LeMaster
|
0-0: Fly out, F9 (Flyball, 9LD, EV 104.4 MPH)
|
|
Batting: RHB Marty G Barrett
|
0-0: Ball 1-0: Ball 2-0: Called Strike 2-1: Foul Ball, location: 2F 2-2: Fly out, F9 (Line Drive, 9, EV 103.8 MPH)
|
| Top of the 9th over - 0 runs, 0 hits, 0 errors, 0 left on base; Rochester 0 - Tidewater 2 |
|